 Dungeon Crawl Stone Soup version 0.27-a0-1590-g15f69828bf (webtiles) character file.

Game seed: 9944825444903434124

5392 quinnr the Stormcaller (level 10, -6/84 HPs)
             Began as a Tengu Air Elementalist on July 18, 2021.
             Was a Follower of Vehumet.
             Mangled by a two-headed ogre (7 damage)
             ... on level 8 of the Dungeon.
             The game lasted 00:28:08 (12500 turns).

quinnr the Stormcaller (Tengu Air Elementalist)    Turns: 12500, Time: 00:28:08

Health: -6/84      AC: 25    Str:  8    XL:     10   Next: 66%
Magic:  5/17       EV:  2    Int: 20    God:    Vehumet [*.....]
Gold:   373        SH:  0    Dex: 14    Spells: 12/17 levels left

rFire    . . .     SeeInvis .   f - +2 spear (venom)
rCold    . . .     Faith    +   (no shield)
rNeg     + + +     Spirit   .   (armour currently unavailable)
rPois    +         Reflect  .   (helmet currently unavailable)
rElec    .         Harm     .   (cloak currently unavailable)
rCorr    .         Rampage  .   (gloves currently unavailable)
Will     .....     NoTele   +   (boots unavailable)
Stlth    +++.......             v - amulet of faith
HPRegen  0.24/turn              (no ring)
MPRegen  0.15/turn              (no ring)

@: tree-form, very slightly contaminated, invisible
A: stationary, stasis, torment immunity, boosted hp, (beak), (talons 3), nimble
flight
a: Renounce Religion


You were on level 8 of the Dungeon.
You worshipped Vehumet.
Vehumet was aware of your devotion.
You were a tree.
You visited 2 branches of the dungeon, and saw 12 of its levels.

You collected 395 gold pieces.
You spent 22 gold pieces at shops.

Inventory:

Hand Weapons
 f - a +2 spear of venom (weapon)
Missiles
 r - 2 throwing nets
Armour
 a - a +0 robe (melded)
 e - a +1 cloak (melded)
Jewellery
 v - an amulet of faith (around neck)
Wands
 d - a wand of paralysis (5)
 k - a wand of flame (17)
 p - a wand of digging (5)
 q - a wand of charming (8)
 B - a wand of polymorph (14)
Scrolls
 c - 3 scrolls of magic mapping
 l - a scroll of vulnerability
 n - 3 scrolls of holy word {unknown}
 o - 3 scrolls of teleportation
 t - 2 scrolls of noise {unknown}
 u - a scroll of amnesia
 w - 3 scrolls of silence
 x - a scroll of enchant armour
 y - 4 scrolls of identify
 C - a scroll of fog {unknown}
Potions
 b - a potion of heal wounds
 h - 3 potions of degeneration
 i - 2 potions of invisibility
 j - 2 potions of resistance
 s - 2 potions of ambrosia {unknown}
 z - a potion of attraction {unknown}
 A - a potion of magic {unknown}


   Skills:
 - Level 3.0 Fighting
 - Level 2.0 Polearms
 - Level 4.0 Dodging
 - Level 4.0 Stealth
 - Level 4.0 Spellcasting
 - Level 1.3 Conjurations
 + Level 16.8 Air Magic
 - Level 2.0 Evocations


You had 12 spell levels left.
You knew the following spells:

 Your Spells              Type           Power      Damage    Failure   Level
a - Shock                 Conj/Air       100%       1d9       1%          1
b - Airstrike             Air            32%        N/A       1%          4

Your spell library contained the following spells:

 Spells                   Type           Power      Damage    Failure   Level
 Foxfire                  Conj/Fire      24%        2x1d5     10%         1
 Static Discharge         Conj/Air       40%        N/A       1%          2
 Swiftness                Air            64%        N/A       1%          3
 Apportation              Tloc           8%         N/A       13%         1
 Pain                     Necr           16%        1d4       13%         1
 Dazzling Flash           Conj/Hex       12%        N/A       28%         3
 Iskenderun's Mystic Bla  Conj/Tloc      6%         2d4       67%         4
 Agony                    Necr           4%         N/A       98%         5
 Alistair's Intoxication  Tmut/Pois      2%         N/A       98%         5
 Excruciating Wounds      Necr           2%         N/A       98%         5
 Invisibility             Hex            2%         N/A       100%        6
 Starburst                Conj/Fire      3%         8x6d3     100%        6


Dungeon Overview and Level Annotations

Branches:
Dungeon (11/15)            Temple (1/1) D:7
   Lair: D:8-11         Orc: D:9-12

Altars:
Ashenzari
Cheibriados
Dithmenos
Elyvilon
Fedhas
Gozag
Hepliaklqana
Kikubaaqudgha
Makhleb
Nemelex Xobeh
Okawaru
Qazlal
Ru
Sif Muna
Trog
Uskayaw
Vehumet
Yredelemnul
Zin
The Shining One

Shops:
D:5 *

Annotations:
D:3 3 runed translucent doors, Phlounder's ghost, amateur DjIE
D:5 2 transporters, DocClef's ghost, amateur GnDe
D:7 Harold
D:11 exclusion: deep elf pyromancer


Innate Abilities, Weirdness & Mutations

You are a tree.
Your roots penetrate the ground, keeping you stationary.
You cannot be teleported.
You are immune to unholy pain and torment.
Your maximum health is greatly increased.
Your equipment is partially melded.
((You have a beak for a mouth.))
((You have claws for feet.))
Your magical nature lets you fly swiftly and evasively.


Message History

The two-headed ogre hits you with a +0 giant spiked club.
Unknown command.
Unknown command.
Casting: Airstrike (safe; 1% risk of failure)
Confirm with . or Enter, or press ? or * to list all spells.
Aiming: Airstrike (safe; 1% risk of failure)
Press: ? - help, Dir - move target, f - hornet
Aim: a hornet (heavily wounded, very poisoned)
The air twists around and strikes the hornet.
The hornet is severely wounded.
The hornet stings you but does no damage.
Unknown command.
Casting: Airstrike (safe; 1% risk of failure)
Confirm with . or Enter, or press ? or * to list all spells.
You don't have enough magic to cast this spell.
You cannot move.
You fade into invisibility!
The hornet stings you but does no damage.
The two-headed ogre hits you but does no damage.
The two-headed ogre hits you with a +0 giant spiked club!
* * * LOW HITPOINT WARNING * * *
The hornet stings you but does no damage.
You are very lightly contaminated with residual magic.
You are too injured to fight recklessly!
Unknown command.
You hit the two-headed ogre.
The two-headed ogre is poisoned.
The two-headed ogre is lightly wounded.
The hornet stings you but does no damage.
The two-headed ogre hits you with a +0 giant spiked club!
* * * LOW HITPOINT WARNING * * *
The two-headed ogre hits you with a +0 giant spiked club!
* * * LOW HITPOINT WARNING * * *
You hit the two-headed ogre.
The two-headed ogre looks as sick as possible!
The two-headed ogre is lightly wounded.
You kill the hornet!
Vehumet accepts your kill.
You feel your power returning.
The two-headed ogre hits you with a +0 giant spiked club!
You die...

#.......##....^....?.#
#.....).######'#'#####
#..............#.#
#..........#####'####
****
#..........#........#
**,,,
#.......$..#$.......#
*,,,,
#..........#........#
*,,,*
#......#####........#
*,,,* #######*
#....♣...# *,*** *
#...O†)..# *****,+,, *
#####'#### *,,,,,*** *
#.# *,,,,,,,* * #)#
******,,,,,,,*
*#)#**,,,,,,,,,,,,,
*...,,,>,,,,,,,,,,,
*..<,,,,,,,,,******
*.).,,,*******


You could see a two-headed ogre (extremely poisoned).

Vanquished Creatures
  2 centaur zombies (D:10)
  A komodo dragon (D:10)
  A troll (D:11)
  A hornet (D:8)
  2 shadows
  A wraith (D:10)
  9 yaks
  2 humans (D:7)
  Menkaure (D:5)
  3 water moccasins
  An ice beast (D:5)
  An orc warrior (D:4)
  2 sky beasts
  3 black bears
  An ogre (D:5)
  A phantom (D:6)
  3 bullfrogs
  A gnoll sergeant (D:6)
  3 scorpions
  A bullfrog zombie (D:6)
  A centaur skeleton (D:6)
  2 orc priests
  A bullfrog skeleton (D:7)
  A gnoll shaman (D:7)
  3 hounds
  2 jellies
  3 iguanas (D:6)
  Ijyb (D:3)
  Jessica (D:2)
  Natasha (thrice) (D:2)
  2 orc wizards (D:8)
  A killer bee zombie (D:6)
  A hound skeleton (D:4)
  A howler monkey skeleton (D:4)
  17 gnolls
  5 adders
  A white imp (D:7)
  2 dart slugs
  9 orcs
  3 bats
  4 endoplasms
  A giant cockroach (D:2)
  9 goblins
  8 hobgoblins
  5 jackals
  6 kobolds
  5 quokkas
  6 ball pythons
  2 frilled lizards
  A giant cockroach zombie (D:3)
  4 rats (D:1)
151 creatures vanquished.

Notes
Turn   | Place    | Note
-------+----------+-------------------------------------------
     0 | D:1      | quinnr the Tengu Air Elementalist began the quest for the
                  | Orb.
     0 | D:1      | Reached XP level 1. HP: 10/10 MP: 4/4
   246 | D:1      | Reached XP level 2. HP: 15/15 MP: 0/6
   568 | D:1      | Reached skill level 5 in Air Magic
  1032 | D:1      | Found a faded altar of an unknown god.
  1085 | D:1      | Reached XP level 3. HP: 19/19 MP: 3/7
  1204 | D:2      | Found a stormy altar of Qazlal.
  1288 | D:2      | Noticed Jessica
  1297 | D:2      | Killed Jessica
  1338 | D:2      | Reached XP level 4. HP: 24/24 MP: 5/8
  1621 | D:2      | Reached skill level 1 in Fighting
  2099 | D:2      | Noticed Natasha
  2105 | D:2      | Killed Natasha
  2106 | D:2      | Reached skill level 6 in Air Magic
  2106 | D:2      | Gained mutation: Your magical nature lets you fly swiftly
                  | and evasively. [Tengu growth]
  2106 | D:2      | Reached XP level 5. HP: 18/29 MP: 7/9
  2281 | D:2      | Learned a level 4 spell: Airstrike
  2347 | D:2      | Noticed Natasha
  2360 | D:2      | Killed Natasha
  2605 | D:2      | Found a stormy altar of Qazlal.
  2690 | D:2      | Noticed Natasha
  2692 | D:2      | Killed Natasha
  2997 | D:3      | Found a runed translucent gate.
  2998 | D:3      | Found a runed translucent gate.
  2999 | D:3      | Found a runed translucent gate.
  3001 | D:3      | Found a sacrificial altar of Ru.
  3003 | D:3      | Noticed Phlounder's ghost (amateur DjIE)
  3569 | D:3      | Noticed Ijyb
  3571 | D:3      | Killed Ijyb
  3572 | D:3      | Reached XP level 6. HP: 35/35 MP: 2/11
  4321 | D:4      | Reached skill level 1 in Evocations
  4736 | D:4      | Noticed a sky beast
  4748 | D:4      | Killed a sky beast
  4749 | D:4      | Reached skill level 7 in Air Magic
  5583 | D:5      | Entered Level 5 of the Dungeon
  5600 | D:5      | Reached skill level 1 in Polearms
  5600 | D:5      | Reached XP level 7. HP: 40/40 MP: 5/12
  5660 | D:5      | Found Mateimp's General Store.
  5840 | D:5      | Reached skill level 8 in Air Magic
  5928 | D:5      | Found a transporter.
  5928 | D:5      | Noticed DocClef's ghost (amateur GnDe)
  6034 | D:5      | Found a transporter.
  6037 | D:5      | Identified the +5 dire flail of Forgiveness {freeze, Dex+6}
  6131 | D:5      | Reached skill level 9 in Air Magic
  6258 | D:5      | Reached XP level 8. HP: 44/44 MP: 0/13
  6366 | D:4      | Reached skill level 10 in Air Magic
  6609 | D:5      | Found a broken altar of Ashenzari.
  6620 | D:5      | Noticed Menkaure
  6623 | D:5      | Killed Menkaure
  7000 | D:5      | Bought a scroll of identify for 22 gold pieces
  7024 | D:6      | Reached skill level 11 in Air Magic
  7381 | D:6      | Noticed a shadow
  7551 | D:6      | Reached skill level 12 in Air Magic
  7913 | D:6      | Found a sparkling altar of Nemelex Xobeh.
  7963 | D:6      | Reached XP level 9. HP: 49/49 MP: 5/15
  8911 | D:7      | Found a staircase to the Ecumenical Temple.
  8927 | Temple   | Entered the Ecumenical Temple
  9003 | Temple   | Became a worshipper of Vehumet
  9038 | D:7      | Found a blossoming altar of Fedhas.
  9047 | D:7      | Found a glowing silver altar of Zin.
  9111 | D:7      | Reached skill level 13 in Air Magic
  9761 | D:7      | Noticed Harold
  9820 | D:7      | Found an iron altar of Okawaru.
 10210 | D:7      | You are sucked into a shaft and drop 3 floors!
 10210 | D:10     | Entered Level 10 of the Dungeon
 10222 | D:11     | Reached skill level 14 in Air Magic
 10389 | D:11     | Noticed a deep elf pyromancer
 10393 | D:11     | Noticed a freezing wraith
 10473 | D:11     | Reached XP level 10. HP: 28/56 MP: 17/17
 10486 | D:11     | Reached skill level 15 in Air Magic
 11116 | D:10     | Reached * piety under Vehumet
 11116 | D:10     | Offered knowledge of Foxfire by Vehumet.
 11291 | D:10     | Reached skill level 16 in Air Magic
 11952 | D:10     | Found a shimmering blue altar of Sif Muna.
 12373 | D:8      | Noticed a two-headed ogre
 12373 | D:8      | Noticed a two-headed ogre
 12499 | D:8      | HP: 1/84 [two-headed ogre (12)]
 12500 | D:8      | Mangled by a two-headed ogre

Illustrated notes

Levels and vault maps discovered:
D:1:      evilmike_arrival_crescent, layout_basic,
          ebering_ecumenical_altar_petrified, minmay_quantized
D:2:      layout_basic, basic_altar, minmay_misc_feat_tower, grunt_ministairs_1,
          corexii_corridor_pit, uniq_jessica, uniq_natasha
D:3:      layout_loops_corners, mainiacjoe_overflow_small_starburst,
          gammafunk_ghost_split, kennysheep_potato, uniq_ijyb
D:4:      layout_basic
D:5:      layout_cave_pools, mainiacjoe_overflow_six_doors_small, serial_shops,
          nicolae_shop_temple_entry_statues_fountains, gammafunk_ghost_smash,
          uniq_menkaure
D:6:      layout_gridville, nemelex_diamond_rough_becter, wad_floor_pattern_1,
          grunt_decor_mini_mirrors
D:7:      layout_loops_ring, okawaru_humans, mainiacjoe_overflow_swirl,
          minmay_temple_entry_poolview, uniq_crazy_yiuf_cottage, uniq_harold
D:8:      layout_basic, xom_butterflies, nicolae_ossuary_entry_plus, st_stairs_5
D:9:      layout_basic, nicolae_wu_jian_immortal_techniques, erik_lair_island
D:10:     minmay_firetagon, layout_cave_pools, lemuel_blue_sif_altar
D:11:     layout_basic, david_orc_5, minmay_diamond_spiral, uniq_snorg
Temple:   cyrus_circular_temple

Skill      XL: |  1  2  3  4  5  6  7  8  9 10 |
---------------+-------------------------------+-----
Air Magic      | 5 6 7 9 12 14 16 | 16.8
Fighting       | 1 2 3 |  3.0
Stealth        | 3 4 |  4.0
Spellcasting   | 3 4 |  4.0
Evocations     | 2 |  2.0
Polearms       | 1 2 |  2.0
Dodging        | 4 |  4.0
Conjurations   | |  1.3

Action                   |  1- 3 |  4- 6 |  7- 9 | 10-12 || total
-------------------------+-------+-------+-------+-------++-------
Melee: Spear             |     3 |    13 |    53 |    48 ||   117
       Kick              |       |     2 |     6 |     9 ||    17
       Peck              |       |     1 |     3 |     9 ||    13
 Cast: Shock             |    40 |   107 |   130 |    32 ||   309
       Airstrike         |       |     8 |    32 |    25 ||    65
Evoke: Wand              |       |       |     1 |       ||     1
  Use: Scroll            |       |    11 |     4 |     2 ||    17
       Potion            |       |     1 |     1 |     9 ||    11
 Stab: Sleeping          |     2 |       |       |       ||     2
Armor: Skin              |       |     5 |       |    12 ||    17
       Robe              |       |     1 |     7 |    18 ||    26
Dodge: Dodged            |     5 |    10 |    59 |    56 ||   130

Table legend: (Time is in decaauts)
 A = Elapsed time spent in this place.
 B = Non-inter-level travel time spent in this place.
 C = Inter-level travel time spent in this place.
 D = Time resting spent in this place.
 E = Time spent auto-exploring this place.
 F = Levels seen in this place.
 G = Mean time per level.
                   A        B        C        D        E       F      G
               +--------+--------+--------+--------+--------+-----+--------+
         Total |  12036 |  11718 |    318 |   2421 |   7875 |  12 | 1003.0 |
       Dungeon |  11949 |  11644 |    305 |   2421 |   7807 |  11 | 1086.3 |
        Temple |     87 |     75 |     12 |      0 |     68 |   1 |   87.0 |
               +--------+--------+--------+--------+--------+-----+--------+

Top non-repeatable levels by time:
     D:2: 1755 daAuts
     D:4: 1613 daAuts
     D:7: 1520 daAuts
    D:11: 1476 daAuts
     D:6: 1435 daAuts
     D:3: 1225 daAuts
     D:1: 1179 daAuts
     D:5: 1006 daAuts
    D:10: 531 daAuts
     D:8: 106 daAuts
     D:9: 99 daAuts
  Temple: 87 daAuts
